 Dungeon Crawl Stone Soup version 0.24.1-14-gf8d2b509d9 (webtiles) character file.

Game seed: 7257180535611776825, levelgen mode: deterministic

132 MenacingMecha the Sneak (level 4, 0/21 HPs)
             Began as a Spriggan Enchanter on May 22, 2020.
             Was an Initiate of Dithmenos.
             Slain by an orc wizard
             ... wielding a +0 dagger
              (3 damage)
             ... on level 2 of the Dungeon.
             The game lasted 00:13:59 (5063 turns).

MenacingMecha the Sneak (Spriggan Enchanter)        Turns: 5063, Time: 00:14:00

Health: 0/21       AC:  2    Str:  4    XL:     4   Next: 92%
Magic:  1/10       EV: 20    Int: 17    God:    Dithmenos [......]
Gold:   202        SH:  0    Dex: 18    Spells: 0/9 levels left

rFire    . . .     SeeInvis +   a - +1 dagger
rCold    . . .     Gourm    .   (shield restricted)
rNeg     . . .     Faith    .   b - +0 robe
rPois    +         Spirit   .   (helmet restricted)
rElec    .         Reflect  .   (no cloak)
rCorr    .         Harm     .   (gloves unavailable)
MR       .....                  (boots unavailable)
Stlth    +++.......             (no amulet)
HPRegen  0.07/turn              c - +2 ring of dexterity
MPRegen  0.12/turn              g - ring of poison resistance

@: very quick
A: very small, unfitting armour, see invisible, herbivore, speed 3, slow
metabolism 2
a: Renounce Religion


You were on level 2 of the Dungeon.
You worshipped Dithmenos.
Dithmenos was noncommittal.
You were not hungry.

You visited 1 branch of the dungeon, and saw 3 of its levels.

You collected 202 gold pieces.

Inventory:

Hand Weapons
 a - a +1 dagger (weapon)
Missiles
 e - 15 poisoned darts (quivered)
 f - 117 stones
Armour
 b - a +0 robe (worn)
Jewellery
 c - a +2 ring of dexterity (left hand)
 g - a ring of poison resistance (right hand)
 n - an uncursed ring of fire {unknown}
Scrolls
 h - a scroll of immolation {unknown}
 i - a scroll of teleportation {unknown}
 j - 2 scrolls of identify {unknown}
 m - 2 scrolls of enchant armour {unknown}
 o - a scroll of noise {unknown}
Potions
 k - a potion of curing {unknown}
 l - 2 potions of ambrosia {unknown}
 p - a potion of flight
 q - a potion of haste {unknown}
 r - a potion of resistance {unknown}
Comestibles
 d - 4 rations


   Skills:
 - Level 1.1 Short Blades
 + Level 4.1 Dodging
 + Level 5.4 Stealth
 + Level 3.4 Spellcasting
 * Level 5.1 Hexes
 + Level 0.9 Ice Magic


You couldn't memorise any spells.
You knew the following spells:

 Your Spells              Type           Power        Failure   Level  Hunger
a - Ensorcelled Hibernat  Hex/Ice        ##....       7%          2    ##.....
b - Corona                Hex            ###....      1%          1    None
c - Confuse               Hex            ###.....     6%          3    ###....
d - Tukima's Dance        Hex            ###.....     6%          3    ###....

Your spell library contained the following spells:

 Spells                   Type           Power        Failure   Level  Hunger
 Dazzling Spray           Conj/Hex       ##....       17%         3    ###....


Dungeon Overview and Level Annotations

Branches:
Dungeon (3/15)

Altars:
Cheibriados
Dithmenos
Hepliaklqana
Kikubaaqudgha
Makhleb
Zin
The Shining One


Innate Abilities, Weirdness & Mutations

You are very small and have problems with some larger weapons.
You are too small for most types of armour.
You have supernaturally acute eyesight. (SInv)
You are a herbivore.
You cover ground extremely quickly.
You need to consume almost no food.


Message History

Casting: Ensorcelled Hibernation (safe; 7% risk of failure)
Confirm with . or Enter, or press ? or * to list all spells.
Okay, then.
Casting: Ensorcelled Hibernation (safe; 7% risk of failure)
Confirm with . or Enter, or press ? or * to list all spells.
Okay, then.
Casting: Ensorcelled Hibernation (safe; 7% risk of failure)
Confirm with . or Enter, or press ? or * to list all spells.
Aiming: Confuse (safe; 6% risk of failure)
Press: ? - help, Shift-Dir - straight line, f/p - orc wizard
Aim: an orc wizard, wielding a +0 dagger and wearing a cursed +0 robe (fast, chance to defeat MR: 50%)
Okay, then.
Casting: Confuse (safe; 6% risk of failure)
Confirm with . or Enter, or press ? or * to list all spells.
Aiming: Confuse (safe; 6% risk of failure)
Press: ? - help, Shift-Dir - straight line, f/p - orc wizard
Aim: an orc wizard, wielding a +0 dagger and wearing a cursed +0 robe (fast, chance to defeat MR: 50%)
The orc wizard appears confused.
The orc wizard hits you with a +0 dagger.
You die...

######### #.o.....# ###.#####.#
#.#.#...#o###
########.#.#.#.#@..##############
.................................
########.###.#.###.######........
##### ##.###.#..o..### #........
....###....#.####....# #........
.##....#.###.##......# #........
.......#.# #.###..o..# ####'#####
.......#.###.##...#'## #.....# #
..................#.####.....# #


You could see an orc wizard (confused).

Vanquished Creatures
  3 adders (D:2)
  A shadow imp (D:2)
  An ooze (D:2)
  5 worms
  4 dart slugs
  3 leopard geckos (D:3)
  3 orcs (D:3)
  8 bats
  3 giant cockroaches
  8 goblins
  6 hobgoblins
  A quokka (D:3)
  A ball python (D:1)
  6 frilled lizards
  8 kobolds
  7 rats
68 creatures vanquished.

Notes
Turn   | Place    | Note
-------+----------+-------------------------------------------
     0 | D:1      | MenacingMecha the Spriggan Enchanter began the quest for
                  | the Orb.
     0 | D:1      | Reached XP level 1. HP: 9/9 MP: 5/5
   811 | D:1      | Reached XP level 2. HP: 13/13 MP: 4/6
  1216 | D:1      | Learned a level 2 spell: Ensorcelled Hibernation
  1842 | D:1      | Reached XP level 3. HP: 16/16 MP: 5/8
  2042 | D:1      | Learned a level 3 spell: Confuse
  2056 | D:2      | Reached skill level 5 in Stealth
  2699 | D:2      | Found a burning altar of Makhleb.
  2703 | D:2      | Reached XP level 4. HP: 21/21 MP: 9/9
  2708 | D:2      | Learned a level 3 spell: Tukima's Dance
  2815 | D:2      | Found a glowing golden altar of the Shining One.
  3812 | D:3      | Reached skill level 5 in Hexes
  4002 | D:3      | Found a snail-covered altar of Cheibriados.
  4003 | D:3      | Found a shadowy altar of Dithmenos.
  4011 | D:3      | Became a worshipper of Dithmenos the Shadowed
  4084 | D:3      | Found a hazy altar of Hepliaklqana.
  4796 | D:3      | Found an ancient bone altar of Kikubaaqudgha.
  4796 | D:3      | Found a glowing silver altar of Zin.
  5063 | D:2      | Slain by an orc wizard

Levels and vault maps discovered:
D:1:      matt_arrival_refuge, layout_basic, minmay_split_cup_large
D:2:      layout_basic, makhleb_grotto_becter, nicolae_tso_swordbearing_angel
D:3:      layout_basic, gammafunk_temple_overflow_wave,
          gammafunk_temple_overflow_statue, lemuel_crystal_altar

Skill      XL: |  1  2  3  4 |
---------------+-------------+-----
Hexes          | 4 5 |  5.1
Spellcasting   | 3 |  3.4
Stealth        | 5 |  5.4
Dodging        | 4 |  4.1
Short Blades   | |  1.1
Ice Magic      | |  0.9

Action                   |  1- 3 |  4- 6 || total
-------------------------+-------+-------++-------
Melee: Dagger            |    72 |    86 ||   158
Throw: Stone             |     1 |       ||     1
 Cast: Corona            |     8 |     5 ||    13
       Ensorcelled Hiber |    33 |    47 ||    80
       Confuse           |       |     2 ||     2
  Use: Potion            |     2 |       ||     2
 Stab: Sleeping          |    27 |    18 ||    45
       Distracted        |     2 |     1 ||     3
       Confused          |       |     1 ||     1
  Eat: Ration            |       |     3 ||     3
Armor: Robe              |     5 |    11 ||    16
Dodge: Dodged            |    64 |    77 ||   141
